Unix NetHack Version 5.0.0-0 post-release - last build May 10 2026 23:12:36 (d1fa5d53e341ca933230fdaa984d921c805b60aa,branch:main).

Game began 2026-05-16 06:16:15, ended 2026-05-16 06:27:24.

ArrBianca, neutral female human Priestess

                                  -------------
                                  |............####
                   ----------    #............|   ###
                   |........|    #|...........|     ##q@0
                   |........-#####|...........|         P
                  ("........|     |...(.......|
                  #|..^.....|     -----------.-
                  #----------
                 ##
  ---.-------  ###
  |..........###
  |.........|
  |........%|
  |........<-##########0
  |.........|
  |.........|
  -----------

ArrBianca the Acolyte        St:15 Dx:10 Co:13 In:11 Wi:18 Ch:12  Neutral
Dlvl:5  $:148 HP:0(28) Pw:40(46) AC:7  Xp:4 T:1448  Burdened

Latest messages:
 What do you want to wear? [bwL or ?*] L
 You are now wearing a Hawaiian shirt.
 What do you want to take off? [cL or ?*] L
 You were wearing a blessed +0 Hawaiian shirt.
 What do you want to wear? [bwL or ?*] b
 You are now wearing a robe.
 There is a human corpse here; eat it? [ynq] (n) n
 What do you want to eat? [efkxFI or ?*] ?
 This egg is delicious!
 Double m prefix, canceled.
 You can't cut a web with a mace!
 Really step into that web? [yn] (n) y
 You stumble into a spider web!
 You are stuck to the web.
 You disentangle yourself.
 You hit the gecko!
 You miss the gecko.
 You miss the gecko.
 You kill the gecko!
 You are beginning to feel hungry.
 You have a little trouble lifting M - an aluminum wand.
 You see here a large box.
 In what direction? .
 You have a little trouble removing N - a cram ration.
 O - a magenta potion.
 What do you want to eat? [efkFIN or ?*] N
 This cram ration is bland.
 You finish eating the cram ration.
 With great effort you move the boulder.
 You try to move the boulder, but in vain.
 You try to move the boulder, but in vain.
 You try to move the boulder, but in vain.
 You hit the gray ooze.
 You miss the gray ooze.
 You hit the gray ooze!
 You miss the gray ooze.
 You hit the gray ooze.
 You miss the gray ooze.
 The rothe hits!
 The rothe just misses!
 The rothe bites!
 The rothe hits!
 The rothe bites!
 The rothe bites again!
 You miss the rothe.
 The rothe hits!
 The rothe bites!
 The rothe bites again!
 You die...
 Do you want an account of creatures vanquished? [ynaq] (y) q

Inventory:
 Coins    ('$')
  $ - 148 gold pieces
 Weapons  (')')
  a - a blessed +1 mace (weapon in right hand)
 Armor    ('[')
  w - a +0 pair of high boots
  c - a +0 small shield (being worn)
  b - a blessed +0 robe (being worn)
  L - a blessed +0 Hawaiian shirt with a toucan motif
 Comestibles  ('%')
  e - a clove of garlic
  F - 2 cursed cram rations
  k - a cursed pancake
  f - a sprig of wolfsbane
  I - a cursed lichen corpse
 Scrolls  ('?')
  o - a scroll of amnesia
  D - 4 cursed scrolls of blank paper
  E - a cursed scroll of create monster
  B - a scroll of enchant weapon
  j - a scroll of identify
  J - a cursed scroll of identify
  y - a blessed scroll of scare monster
 Spellbooks  ('+')
  h - a spellbook of detect food
  r - a spellbook of healing
  g - a spellbook of light
  z - a spellbook of magic missile
  m - a spellbook of wizard lock
 Potions  ('!')
  C - a blessed potion of enlightenment
  H - a cursed potion of full healing
  p - a potion of gain energy
  i - a potion of healing
  G - 2 cursed potions of healing
  O - a potion of monster detection
  s - a potion of paralysis
  d - 5 potions of holy water
  t - 3 potions of water
 Wands    ('/')
  M - a wand of probing (0:8)
 Tools    ('(')
  K - an empty oilskin sack
  A - a skeleton key
 Gems/Stones  ('*')
  u - a worthless piece of blue glass
  v - a worthless piece of yellowish brown glass

ArrBianca the Priestess's attributes:

Background:
 You were an Acolyte, a level 4 human Priestess.
 You were neutral, on a mission for Hermes
 who was opposed by Athena (lawful) and Poseidon (chaotic).
 You were right-handed.
 You were in the Dungeons of Doom, on level 5.
 You entered the dungeon 1448 turns ago.
 There was a new moon in effect when your adventure ended.
 You had 121 experience points, 39 more were needed to attain level 5.

Basics:
 You had 0 out of 28 hit points.
 You had 40 out of 46 energy points (spell power).
 Your armor class was 7.
 Your wallet contained 148 zorkmids.
 Autopickup was on for '$?!/="+%' plus thrown, with exceptions.

Final Characteristics:
 Your strength was 15 (limit:18/100).
 Your dexterity was 10 (limit:18).
 Your constitution was 13 (limit:18).
 Your intelligence was 11 (limit:18).
 Your wisdom was 18 (limit:18).
 Your charisma was 12 (limit:18).

Final Status:
 You weren't hungry.
 You were burdened; movement was slightly slowed.
 You were wielding a mace.
 You had basic skill with mace.

Final Attributes:
 You were devoutly aligned.
 You were guarded.
 Your spell casting was enhanced by wearing a robe.
 You are dead.

Miscellaneous:
 You encountered 1 bones level.
 Total elapsed playing time was 11 minutes and 9 seconds.

Major events:
 Turn
    1: ArrBianca the neutral human Priestess entered the dungeon
  804: attained the rank of Acolyte (level 3)
 1448: killed by a rothe

Spells:
 Name                 Level Category     Fail Retention
 light                  1   clerical       0%  91%-100%
 detect food            2   divination    32%  76%-100%
 wizard lock            2   matter        32%  76%-100%
 healing                1   healing        0%  76%-100%
 magic missile          2   attack        32%  76%-100%

Skills:
 Fighting Skills
   bare handed combat [Unskilled]
 Weapon Skills
   club               [Unskilled]
   mace               [Basic]
   morning star       [Unskilled]
   flail              [Unskilled]
   hammer             [Unskilled]
   quarterstaff       [Unskilled]
   polearms           [Unskilled]
   spear              [Unskilled]
   trident            [Unskilled]
   lance              [Unskilled]
   bow                [Unskilled]
   sling              [Unskilled]
   crossbow           [Unskilled]
   dart               [Unskilled]
   shuriken           [Unskilled]
   boomerang          [Unskilled]
   unicorn horn       [Unskilled]
 Spellcasting Skills
   healing spells     [Unskilled]
   divination spells  [Unskilled]
   clerical spells    [Basic]

Voluntary challenges:
 Character rerolling was not enabled.
 You never had a pet.
 You never genocided any monsters.
 You never polymorphed an object.
 You never changed form.
 You used no wishes.
Achievements:
 You entered a shop.
 You attained the rank of Acolyte.

 The Dungeons of Doom: levels 1 to 5
    Level 1:
       A fountain.
    Level 2:
       A weapon shop, some fountains.
    Level 3:
    Level 4:
    Level 5: <- You were here.
       Final resting place for
          you, killed by a rothe,
          Galadhan1-Val-Hum-Fem-Law, killed by a gnome lord.


Vanquished creatures:
  a ghost
  a kitten
  a homunculus
  a werejackal
  a large kobold
  2 giant rats
  a gecko
  a jackal
  a kobold
  2 goblins
  a grid bug
  a bat
  2 lichens
  a kobold zombie
  2 newts
19 creatures vanquished.

No species were genocided or became extinct.

Game over:
                       ----------
                      /          \
                     /    REST    \
                    /      IN      \
                   /     PEACE      \
                  /                  \
                  |    ArrBianca     |
                  |      148 Au      |
                  |   killed by a    |
                  |      rothe       |
                  |                  |
                  |                  |
                  |       2026       |
                 *|     *  *  *      | *
        _________)/\\_//(\/(/\)/\//\/|_)_______

Goodbye ArrBianca the Priestess...

You died in The Dungeons of Doom on dungeon level 5 with 818 points,
and 148 pieces of gold, after 1448 moves.
You were level 4 with a maximum of 28 hit points when you died.

